 Dungeon Crawl Stone Soup version 0.26.1-11-gd32895ea62 (webtiles) character file.

Game seed: 1006678917599049385

2802 Zeld the Cruncher (level 9, -11/54 HPs)
             Began as an Octopode Gladiator on May 22, 2021.
             Was a Believer of Wu Jian.
             Blown up by a centaur (15 damage)
             ... with a disintegration bolt
             ... on level 9 of the Dungeon.
             The game lasted 00:08:35 (12982 turns).

Zeld the Cruncher (Octopode Gladiator)             Turns: 12982, Time: 00:08:36

Health: -11/54     AC:  1    Str: 16    XL:     9   Next: 71%
Magic:  9/9        EV: 14    Int: 11    God:    Wu Jian [**....]
Gold:   154        SH:  0    Dex: 13    Spells: 8/8 levels left

rFire    . . .     SeeInvis .   v - +3 quarterstaff (chaos)
rCold    . . .     Faith    .   (shield currently unavailable)
rNeg     . . .     Spirit   .   b - +0 hat
rPois    .         Reflect  .   (no amulet)
rElec    .         Harm     .   (no ring)
rCorr    .         Rampage  .   (no ring)
Will     .....                  (no ring)
Stlth    ++........             (no ring)
HPRegen  0.18/turn              (no ring)
MPRegen  0.11/turn              (no ring)
                                (no ring)
                                (no ring)

@: no status effects
A: almost no armour, stealthy swim, amphibious, 8 rings, constrict 8, camouflage
1, gelatinous body 1
a: Renounce Religion, Wall Jump


You were on level 9 of the Dungeon.
You worshipped Wu Jian.
Wu Jian was pleased with you.
You visited 2 branches of the dungeon, and saw 9 of its levels.

You collected 406 gold pieces.
You spent 252 gold pieces at shops.

Inventory:

Hand Weapons
 a - a +0 quarterstaff
 v - a +3 quarterstaff of chaos (weapon)
Missiles
 c - 3 throwing nets
 A - 10 poisoned darts (quivered)
 B - 9 boomerangs
Armour
 b - a +0 hat (worn)
Jewellery
 f - an uncursed ring of positive energy {unknown}
 i - an uncursed amulet of regeneration {unknown}
 j - an uncursed amulet of guardian spirit {unknown}
 C - a +4 ring of evasion {unknown}
 J - an uncursed amulet of guardian spirit {unknown}
Wands
 w - a wand of paralysis (5)
 E - a wand of polymorph (14)
 H - a wand of iceblast (16)
Scrolls
 g - 4 scrolls of blinking {unknown}
 k - 6 scrolls of teleportation {unknown}
 l - 5 scrolls of remove curse {unknown}
 m - 5 scrolls of enchant weapon {unknown}
 n - 9 scrolls of identify {unknown}
 p - a scroll of amnesia {unknown}
 r - 3 scrolls of fog {unknown}
 s - a scroll of enchant armour {unknown}
 y - a scroll of random uselessness {unknown}
 z - a scroll of noise {unknown}
 L - a scroll of magic mapping {unknown}
Potions
 d - 3 potions of might
 e - 2 potions of resistance {unknown}
 h - 3 potions of berserk rage
 o - 3 potions of curing
 q - a potion of degeneration {unknown}
 t - 4 potions of flight
 u - 4 potions of haste
 x - 2 potions of heal wounds
 D - 2 potions of mutation {unknown}
 F - a potion of brilliance {unknown}
 G - 2 potions of invisibility {unknown}
 I - 2 potions of attraction {unknown}
 K - a potion of magic {unknown}


   Skills:
 - Level 2.0 Fighting
 * Level 12.9 Staves
 - Level 2.0 Throwing
 - Level 3.0 Dodging


You had 8 spell levels left.
You didn't know any spells.
Your spell library contained the following spells:

 Spells                   Type           Power        Failure   Level
 Shock                    Conj/Air       0%           34%         1
 Summon Small Mammal      Summ           0%           34%         1


Dungeon Overview and Level Annotations

Branches:
Dungeon (9/15)             Temple (1/1) D:5
   Lair: D:8-11         Orc: D:9-12

Altars:
Ashenzari
Cheibriados
Dithmenos
Elyvilon
Fedhas
Gozag
Hepliaklqana
Kikubaaqudgha
Makhleb
Nemelex Xobeh
Okawaru
Qazlal
Ru
Sif Muna
Trog
Uskayaw
Vehumet
Wu Jian
Xom
Yredelemnul
Zin
The Shining One

Shops:
D:5 !   D:6 !


Innate Abilities, Weirdness & Mutations

You cannot wear most types of armour.
You are very stealthy in the water. (Stealth+)
You are amphibious.
You can wear up to eight rings at the same time.
You can use your tentacles to constrict eight enemies at once.
Your skin changes colour to match your surroundings (Stealth+).
Your rubbery body absorbs attacks. (AC +1, EV +1)


Message History

The centaur wields a +0 shortbow.
The centaur shoots an arrow.
The arrow hits you!
You see here an arrow.
The centaur zaps a wand.
You struggle to resist.
The centaur zaps a wand.
You are blasted!
Ouch! That really hurt!
* * * LOW HITPOINT WARNING * * *
You are too injured to fight recklessly!
You are too injured to fight recklessly!
You are too injured to fight recklessly!
You are too injured to fight recklessly!
The centaur shoots an arrow.
The arrow misses you.
You see here 2 arrows.
The centaur shoots an arrow.
The arrow hits you!
* * * LOW HITPOINT WARNING * * *
The centaur zaps a wand.
You struggle to resist.
There is a stone staircase leading up here.
You see here an arrow.
The centaur zaps a wand.
You are blasted!
You die...

#.# #..## ..#
##.####...##..#
#.............#
#.#####.#.#..#
#.c..........#
#.#####.#.#.##
#.# #.#.#.##
#(# ..#....###
#@# ####......#
#.# ##...#.#
#.# ##.##.# #.#
####.##.### #..
........... #.#
#.#####.### #.#
#.# #.. #.. ..#


You could see a centaur.

Vanquished Creatures
  Pikel (D:6)
  Prince Ribbit (D:7)
  Sigmund (D:3)
  Eustachio (D:6)
  Edmund (D:6)
  Duvessa (D:5)
  An orc warrior (D:9)
  A phantom (D:4)
  An ice beast (D:6)
  2 ogres (D:6)
  A centaur (D:6)
  4 lemures
  A bullfrog (D:3)
  A gnoll sergeant (D:4)
  Dowan (D:5)
  A scorpion (D:3)
  3 wights (D:9)
  2 howler monkeys
  A bullfrog zombie (D:7)
  A jelly (D:7)
  2 orc wizards
  2 centaur skeletons
  2 orc priests
  2 bullfrog skeletons
  A hound (D:7)
  Crazy Yiuf (D:3)
  Ijyb (D:4)
  Natasha (thrice) (D:3)
  2 worker ants
  A howler monkey zombie (D:5)
  A howler monkey skeleton (D:6)
  3 gnolls
  6 adders
  A shadow imp (D:6)
  A white imp (D:5)
  2 oozes
  An adder skeleton (D:7)
  A worm (D:2)
  5 leopard geckos
  17 orcs
  4 ball pythons
  3 giant cockroaches
  A goblin (D:2)
  6 hobgoblins
  6 jackals
  4 kobolds (D:1)
  A quokka (D:4)
  7 bats
  2 frilled lizards
  A quokka zombie (D:5)
  9 rats
126 creatures vanquished.

Notes
Turn   | Place    | Note
-------+----------+-------------------------------------------
     0 | D:1      | Zeld the Octopode Gladiator began the quest for the Orb.
     0 | D:1      | Reached XP level 1. HP: 14/14 MP: 1/1
   205 | D:1      | Reached XP level 2. HP: 15/19 MP: 2/2
   958 | D:2      | Reached skill level 4 in Staves
   959 | D:2      | Reached XP level 3. HP: 24/24 MP: 3/3
  1239 | D:2      | Found an ornate altar of the Wu Jian Council.
  1257 | D:2      | Became a worshipper of the Wu Jian Council
  1389 | D:2      | Reached XP level 4. HP: 19/29 MP: 4/4
  1741 | D:2      | Found a sparkling altar of Nemelex Xobeh.
  2047 | D:3      | Noticed Sigmund
  2060 | D:3      | Killed Sigmund
  2061 | D:3      | Reached skill level 6 in Staves
  2061 | D:3      | Reached XP level 5. HP: 23/34 MP: 5/5
  2219 | D:3      | Reached XP level 6. HP: 39/39 MP: 6/6
  2327 | D:3      | Reached skill level 7 in Staves
  2459 | D:3      | Noticed Natasha
  2466 | D:3      | Killed Natasha
  2512 | D:3      | Noticed Natasha
  2518 | D:3      | Killed Natasha
  2518 | D:3      | Reached * piety under Wu Jian
  2610 | D:3      | Noticed Natasha
  2614 | D:3      | Killed Natasha
  2648 | D:3      | Found a runed translucent door.
  2649 | D:3      | Noticed Crazy Yiuf
  2913 | D:3      | Killed Crazy Yiuf
  2914 | D:3      | Reached XP level 7. HP: 18/45 MP: 7/7
  3503 | D:4      | Reached skill level 8 in Staves
  4001 | D:4      | Found a shadowy altar of Dithmenos.
  4008 | D:4      | Noticed Ijyb
  4010 | D:4      | Paralysed by Ijyb for 7 turns
  4019 | D:4      | Paralysed by Ijyb for 6 turns
  4031 | D:4      | Killed Ijyb
  4385 | D:4      | Found an opulent altar of Gozag.
  4980 | D:5      | Entered Level 5 of the Dungeon
  5008 | D:5      | Found a staircase to the Ecumenical Temple.
  5019 | Temple   | Entered the Ecumenical Temple
  5626 | D:5      | Reached skill level 9 in Staves
  5657 | D:5      | Found Rymaschum's Distillery.
  5666 | D:5      | Bought a potion of curing for 30 gold pieces
  5666 | D:5      | Bought a potion of heal wounds for 50 gold pieces
  5666 | D:5      | Bought a potion of berserk rage for 50 gold pieces
  5666 | D:5      | Bought a potion of flight for 30 gold pieces
  5666 | D:5      | Bought a potion of berserk rage for 50 gold pieces
  5673 | D:5      | Found a white marble altar of Elyvilon.
  6327 | D:4      | Found an opulent altar of Gozag.
  6345 | D:4      | Reached XP level 8. HP: 44/50 MP: 8/8
  6564 | D:4      | Found a shadowy altar of Dithmenos.
  7415 | D:5      | Noticed Duvessa
  7416 | D:5      | Found a bloodstained altar of Trog.
  7653 | D:5      | Killed Duvessa
  8068 | D:5      | Noticed Dowan
  8071 | D:5      | Found a shimmering blue altar of Sif Muna.
  8072 | D:5      | Killed Dowan
  8076 | D:5      | Identified Sif Muna's Tome of Air and the Entourage
  8482 | D:6      | Noticed Edmund
  8493 | D:6      | Killed Edmund
  8494 | D:6      | Reached skill level 10 in Staves
  8678 | D:6      | Found an ancient bone altar of Kikubaaqudgha.
  8688 | D:6      | Found Xaduam's Distillery.
  8698 | D:6      | Bought a potion of flight for 42 gold pieces
  8835 | D:6      | Found a hide-covered altar of Uskayaw.
  8845 | D:6      | Found a basalt altar of Yredelemnul.
  8856 | D:6      | Found a burning altar of Makhleb.
  8869 | D:6      | Found a glowing golden altar of the Shining One.
  8873 | D:6      | Found an iron altar of Okawaru.
  9026 | D:6      | Noticed Pikel
 10008 | D:6      | Found a sacrificial altar of Ru.
 10208 | D:6      | Found a snail-covered altar of Cheibriados.
 10277 | D:6      | Noticed Eustachio
 10287 | D:6      | Killed Eustachio
 10288 | D:6      | Reached skill level 11 in Staves
 10502 | D:6      | Found a snail-covered altar of Cheibriados.
 10823 | D:6      | Killed Pikel
 10824 | D:6      | Reached skill level 12 in Staves
 10824 | D:6      | Reached XP level 9. HP: 39/54 MP: 9/9
 11185 | D:6      | Found an ancient bone altar of Kikubaaqudgha.
 11369 | D:6      | Found a burning altar of Makhleb.
 11374 | D:6      | Found a hide-covered altar of Uskayaw.
 11374 | D:6      | Found a basalt altar of Yredelemnul.
 11387 | D:6      | Found an iron altar of Okawaru.
 11391 | D:6      | Found a glowing golden altar of the Shining One.
 11467 | D:6      | Found Xaduam's Distillery.
 11525 | D:6      | Found a sacrificial altar of Ru.
 11665 | D:7      | Noticed Prince Ribbit
 11676 | D:7      | Killed Prince Ribbit
 12441 | D:7      | Reached ** piety under Wu Jian
 12786 | D:7      | You fall into a shaft and drop 2 floors!
 12982 | D:9      | Blown up by a centaur

Illustrated notes

Levels and vault maps discovered:
D:1:      dpeg_arrival_rhombi, layout_basic
D:2:      layout_loops_ring, overflow_temple_1_default,
          nicolae_overflow_hidden_temple
D:3:      layout_loops_ring, uniq_sigmund, uniq_natasha, uniq_crazy_yiuf_cottage
D:4:      layout_layer_cave, lemuel_doored_altar,
          nicolae_dithmenos_through_a_glass_darkly, uniq_ijyb
D:5:      layout_loops_ring, nzn_overflow_gifts_of_might_and_magic,
          elyvilon_altar_1, minmay_temple_entry_statues_pillars, serial_shops,
          shop, uniq_duvessa
D:6:      layout_cave_pods, cheibriados_altar_1, kennysheep_mini,
          minmay_overflow_temple_star_hex, basic_altar, serial_shops, shop,
          uniq_edmund, uniq_eustachio, uniq_pikel
D:7:      layout_basic, chequers_serial_rivers_small_3, grunt_decor_clamped,
          uniq_prince_ribbit1
D:9:      layout_loops_ring
Temple:   jpeg_temple_island

Skill      XL: |  1  2  3  4  5  6  7  8 |
---------------+-------------------------+-----
Staves         | 4 6 7 9 12 | 12.9
Fighting       | |  2.0
Throwing       | |  2.0
Dodging        | |  3.0

Action                   |  1- 3 |  4- 6 |  7- 9 || total
-------------------------+-------+-------+-------++-------
Melee: Quarterstaff      |    50 |    54 |   199 ||   303
       Constrict         |    10 |    14 |    37 ||    61
       Tentacles         |     7 |    13 |    41 ||    61
Invok: Lunge             |     1 |     9 |    21 ||    31
       Whirlwind         |       |       |     4 ||     4
 Stab: Sleeping          |     4 |     4 |     9 ||    17
       Confused          |       |       |     1 ||     1
Armor: Skin              |     3 |     1 |     4 ||     8
Dodge: Dodged            |    35 |    26 |    86 ||   147
